 Dungeon Crawl Stone Soup version 0.21.0-3-g78d12a8 (webtiles) character file.

66 oplop the Insei (level 4, 0/42 HPs)
             Began as an Octopode Transmuter on Jan 10, 2018.
             Succumbed to an adder's poison
             ... on level 2 of the Dungeon.
             The game lasted 00:02:39 (997 turns).

oplop the Insei (Octopode Transmuter)                Turns: 997, Time: 00:02:39

Health: 0/42       AC: 22    Str: 14    XL:     4   Next: 15%
Magic:  7/8        EV:  2    Int: 16    God:
Gold:   45         SH:  0    Dex: 12    Spells: 2/8 levels left

rFire    . . .     SeeInvis .     - Unarmed
rCold    . . .     Gourm    .   (no shield)
rNeg     + + +     Faith    .   (helmet currently unavailable)
rPois    +         Spirit   .   (no amulet)
rElec    .         Reflect  .   (no ring)
rCorr    .         Harm     .   (no ring)
MR       .....     NoTele   +   (no ring)
Stlth    +.........             (no ring)
HPRegen  0.14/turn              (no ring)
MPRegen  0.11/turn              (no ring)
                                (no ring)
                                (no ring)

@: mighty, lethally poisoned (0 -> -3), tree-form
A: almost no armour, stealthy swim, (amphibious), 8 rings, (constrict 8)
a: no special abilities


You were on level 2 of the Dungeon.
You were hungry.
You were a tree.
You visited 1 branch of the dungeon, and saw 2 of its levels.

You collected 45 gold pieces.

Inventory:

Missiles
 a - 21 arrows
 f - a throwing net (quivered)
Jewellery
 g - an uncursed ring of flight {unknown}
Scrolls
 h - 2 scrolls of fog {unknown}
 j - a scroll of fear {unknown}
 k - a scroll of identify {unknown}
Books
 b - a book of Changes

   Spells                             Type                      Level
   a - Beastly Appendage              Transmutation                1
   b - Sticks to Snakes               Transmutation                2
   c - Spider Form                    Transmutation/Poison         3
   d - Ice Form                       Ice/Transmutation            4
   e - Blade Hands                    Transmutation                5
Comestibles
 c - 2 rations


   Skills:
 + Level 1.6 Fighting
 + Level 2.5 Dodging
 - Level 3.0 Unarmed Combat
 * Level 2.7 Spellcasting
 * Level 3.0 Transmutations


You had 2 spell levels left.
You knew the following spells:

 Your Spells              Type           Power        Failure   Level  Hunger
a - Beastly Appendage     Tmut           ##....       5%          1    #......
b - Sticks to Snakes      Tmut           ##......     9%          2    ##.....
c - Spider Form           Tmut/Pois      #.........   30%         3    ###....


Dungeon Overview and Level Annotations

Branches:
Dungeon (2/15)

Altars:


Innate Abilities, Weirdness & Mutations

You cannot wear most types of armour.
You are very stealthy in the water. (Stealth+)
((You are amphibious.))
You can wear up to eight rings at the same time.
((You can use your tentacles to constrict eight enemies at once.))
((Your skin changes colour to match your surroundings (Stealth+).))
((Your rubbery body absorbs attacks. (AC +1, EV +1)))


Message History

It was a potion of lignification.
Your tentacle spike disappears.
You turn into a tree.
Your roots penetrate the ground.
* * * LOW HITPOINT WARNING * * *
You feel sick.
It was a potion of might.
You feel very mighty all of a sudden.
* * * LOW HITPOINT WARNING * * *
You feel sick.
* * * LOW HITPOINT WARNING * * *
You feel sick.
* * * LOW HITPOINT WARNING * * *
You feel sick.
* * * LOW HITPOINT WARNING * * *
You feel sick.
* * * LOW HITPOINT WARNING * * *
You feel sick.
* * * LOW HITPOINT WARNING * * *
You feel sick.
You die...

...........####.#
......##........#
...#.###.#.####.# .
#.#..........#
#............#
###.#.#.###..#
#.#†#.# ..#
##..####.#.#.#......
.......♣.......#..###
#..>..<...$#####..#
....####.### ..# .#.
#.# ..# ..# ...#
###.. #.#


There were no monsters in sight!

Vanquished Creatures
  3 adders (D:2)
  An ooze (D:1)
  A dart slug (D:1)
  A ball python (D:2)
  3 giant cockroaches (D:1)
  3 goblins (D:1)
  2 hobgoblins
  4 jackals (D:1)
  4 kobolds (D:1)
  3 bats
  A frilled lizard (D:1)
  5 rats
31 creatures vanquished.

Notes
Turn   | Place    | Note
-------+----------+-------------------------------------------
     0 | D:1      | oplop the Octopode Transmuter began the quest for the Orb.
     0 | D:1      | Reached XP level 1. HP: 13/13 MP: 3/3
    65 | D:1      | Reached XP level 2. HP: 13/18 MP: 3/5
   477 | D:1      | Reached XP level 3. HP: 16/23 MP: 3/6
   878 | D:2      | Learned a level 2 spell: Sticks to Snakes
   882 | D:2      | Learned a level 3 spell: Spider Form
   976 | D:2      | Reached XP level 4. HP: 16/28 MP: 5/8
   991 | D:2      | HP: 2/42 [poisoned by an adder]
   997 | D:2      | Succumbed to an adder's poison

Skill      XL: |  1  2  3  4 |
---------------+-------------+-----
Transmutations | 3 |  3.0
Fighting       | |  1.6
Dodging        | |  2.5
Unarmed Combat | |  3.0
Spellcasting   | |  2.7

Action                   |  1- 3 |  4- 6 || total
-------------------------+-------+-------++-------
Melee: Unarmed           |    75 |     7 ||    82
       Tentacles         |     9 |     2 ||    11
       Constrict         |    17 |       ||    17
       Kick              |     1 |     1 ||     2
       Punch             |     1 |       ||     1
 Cast: Beastly Appendage |     8 |       ||     8
  Use: Potion            |       |     3 ||     3
 Stab: Sleeping          |     6 |       ||     6
Armor: Skin              |     7 |       ||     7
Dodge: Dodged            |    65 |     4 ||    69
